Map: Lerilak Crest

Players

Kirk

  • Race: Zerg Zerg
  • League: Master

xKawaiian - Winner!

  • Race: Terran Terran
  • League: Master

VOD

Have the link to the VOD?

Description

Time

  • Played on: Jan. 12, 2016, 7:21 p.m.
  • Length: 8:23
Show
View Real Time Build Order
Export as new Build Order

Kirk Zerg 

Build Orders: Hatch First 

Get SALT Encoding   

  12  0:03  Drone  
  13  0:13  Overlord  
  13  0:18  Drone  
  14  0:31  Drone x2  
  17  0:35  Drone  
  17  0:46  Drone  
  18  0:58  Hatchery  
  18  0:59  Drone  
  18  1:19  Drone x2, Spawning Pool  
  18  1:24  Extractor  
  18  1:29  Drone  
  19  1:43  Drone  
  20  1:51  Hatchery  
  20  1:53  Drone  
  20  2:02  Drone  
  20  2:07  Extractor, Queen  
  23  2:13  Queen  
  25  2:20  Overlord  
  25  2:29  Drone  
  27  2:30  Drone  
  27  2:32  Zergling x2  
  27  2:35  Metabolic Boost  
  28  2:39  Zergling x2  
  28  2:42  Zergling x2  
  30  2:48  Drone  
  30  2:49  Drone  
  32  2:53  Drone  
  32  3:02  Drone  
  32  3:04  Drone x2  
  35  3:06  Drone  
  35  3:10  Queen  
  38  3:22  Overlord  
  38  3:23  Drone x2  
  38  3:24  Drone  
  38  3:26  Drone  
  41  3:39  Drone  
  41  3:40  Drone  
  41  3:41  Drone x2, Overlord  
  45  3:42  Drone  
  45  3:43  Drone  
  45  3:44  Drone  
  45  3:47  Burrow  
  47  3:56  Zergling x4  
  49  4:07  Zergling x8  
  52  4:14  Zergling x8  
  52  4:16  Zergling x2  
  57  4:19  Overlord x3  
  57  4:24  Evolution Chamber  
  57  4:26  Drone  
  57  4:27  Evolution Chamber  
  57  4:29  Extractor  
  55  4:34  Extractor  
  54  4:40  Zergling x12  
  60  4:48  Baneling Nest, Drone  
  60  4:49  Drone x4  
  60  4:51  Drone  
  65  4:59  Drone  
  65  5:00  Zerg Ground Armor Level 1  
  65  5:01  Zerg Melee Weapons Level 1  
  65  5:06  Zergling x2  
  67  5:07  Zergling x10  
  67  5:12  Zergling x2  
  67  5:13  Zergling x4  
  73  5:18  Zergling x2  
  73  5:19  Zergling x4  
  76  5:25  Overlord  
  76  5:32  Baneling x5  
  76  5:33  Baneling x4  
  76  5:40  Baneling  
  76  5:41  Baneling x2  
  76  5:46  Spore Crawler  
  76  5:48  Spore Crawler  
  66  6:02  Zergling x6  
  66  6:03  Zergling x12  
  66  6:04  Zergling x12  
  76  6:05  Zergling x2  
  75  6:17  Spawning Pool  
  75  6:18  Drone x6  
  71  6:47  Drone  
  71  6:48  Drone x6  
  71  6:49  Drone  
  74  7:04  Zergling x2  
  74  7:05  Zergling x6  
  78  7:16  Baneling x3  
  78  7:17  Baneling x8  
  78  7:18  Baneling x3  
  61  7:50  Zergling x2  
  61  7:51  Zergling x22  
Show
View Real Time Build Order
Export as new Build Order

xKawaiian Terran - Winner!

Build Orders: Reaper Expand, MMM Bio 

Get SALT Encoding   

  12  0:00  SCV  
  13  0:13  SCV  
  14  0:17  Supply Depot  
  14  0:25  SCV  
  15  0:38  SCV  
  15  0:40  Barracks  
  16  0:46  Refinery  
  16  0:50  SCV  
  17  1:03  SCV  
  18  1:15  SCV  
  19  1:29  Reaper, Orbital Command  
  20  1:39  Command Center  
  20  1:52  Supply Depot  
  20  1:54  SCV  
  21  2:02  Barracks Reactor  
  21  2:06  SCV  
  21  2:07  Barracks  
  22  2:18  Barracks  
  22  2:19  SCV  
  23  2:31  SCV  
  24  2:39  Marine x2  
  24  2:43  SCV  
  27  2:51  Orbital Command  
  27  2:56  SCV, Marine  
  27  2:57  Marine  
  30  2:58  Barracks Tech Lab  
  30  3:08  SCV  
  30  3:10  Marine  
  30  3:11  Factory  
  32  3:14  Marine x2  
  32  3:18  Marine  
  35  3:20  SCV  
  35  3:23  Stimpack  
  35  3:25  SCV  
  37  3:28  Marine  
  37  3:32  SCV, Marine  
  40  3:37  SCV, Marine  
  40  3:40  Refinery  
  42  3:43  Marine  
  42  3:44  SCV  
  44  3:49  SCV  
  44  3:50  Supply Depot  
  44  3:53  Marine  
  46  4:01  Starport  
  46  4:05  Factory Reactor  
  46  4:11  SCV x2, Marine x3  
  46  4:12  Supply Depot, Marine  
  52  4:19  Supply Depot  
  52  4:23  SCV x2  
  54  4:26  Supply Depot  
  54  4:34  Marine x2  
  54  4:35  SCV x2  
  58  4:46  Medivac x2  
  58  4:48  SCV x2  
  58  4:51  Command Center  
  64  5:00  SCV x2, Supply Depot  
  64  5:01  Marine x2  
  64  5:03  Barracks Reactor  
  64  5:05  Factory Reactor  
  68  5:10  Marine  
  68  5:12  SCV x2  
  71  5:15  Refinery  
  71  5:16  Refinery  
  71  5:18  Marine  
  72  5:23  Medivac  
  72  5:24  SCV x2  
  72  5:28  Marine x2  
  78  5:36  SCV x2, Combat Shields  
  78  5:37  Engineering Bay  
  78  5:38  Marine  
  78  5:40  Engineering Bay  
  78  5:41  Hellion  
  83  5:44  Marine x2  
  83  5:46  Marine  
  86  6:03  SCV x2, Hellion x2, Medivac, Marine x3  
  96  6:08  Supply Depot x2  
  94  6:13  Terran Infantry Weapons Level 1, Terran Infantry Armor Level 1  
  94  6:15  SCV  
  95  6:22  Barracks, Marine x2  
  95  6:24  Barracks  
  97  6:28  Marine, Medivac  
  97  6:29  Marine  
  97  6:32  SCV x2  
  104  6:41  Marine x2  
  104  6:42  Marine  
  104  6:43  Medivac  
  104  6:45  SCV x2  
  104  6:46  Marine  
  109  6:54  Marine  
  104  6:56  Orbital Command  
  104  6:57  SCV x2  
  104  6:59  Medivac, Marine  
  109  7:05  Marine  
  109  7:06  Armory  
  110  7:09  SCV, Marine  
  110  7:12  Barracks Reactor x2  
  110  7:13  SCV, Medivac  
  110  7:14  Marine  
  110  7:15  Marine  
  117  7:24  Supply Depot  
  117  7:28  Hellion, Marine  
  117  7:34  Marine x3  
  116  7:40  Hellion  
  106  7:44  Medivac x2  
  106  7:48  Widow Mine  
  106  7:50  Marine x4  
  101  7:52  SCV x2  
  101  7:55  Refinery  
  101  7:56  Refinery  
  101  7:58  Marine  
Tags
 
Add a new tag
Caveats
  • Supply blocks, unpowered buildings, or Contaminate may cause inaccurate times.
  • Supply counts are checked every 10 seconds.